 Dungeon Crawl Stone Soup version 0.31-a0-5-g84e6b3452c (webtiles) character file.

Game seed: 7637907028722612707

55 DogOnAStick the Poker (level 3, 0/20 (27) HPs)
             Began as a Merfolk Gladiator on May 5, 2023.
             Killed by divine providence
             ... invoked by an orc priest
              (12 damage)
             ... on level 3 of the Dungeon.
             The game lasted 00:31:32 (2101 turns).

DogOnAStick the Poker (Merfolk Gladiator)           Turns: 2101, Time: 00:31:33

HP:   0/20 (27)     AC:  7    Str: 16    XL:     3   Next: 93%
MP:   3/3           EV: 12    Int:  7    God:
Gold: 87            SH:  0    Dex: 15    Spells: 2/2 levels left

rFire   . . .        a - +1 trident
rCold   . . .        (no shield)
rNeg    . . .        f - +1 ring mail
rPois   .            c - +0 helmet
rElec   .            n - scarf {shadows}
rCorr   .            (no gloves)
SInv    .            (no boots)
Will    .....        t - amulet of the acrobat
Stlth   +            (no ring)
HPRegen 0.23/turn    (no ring)
MPRegen 0.08/turn

%: acrobat
@: very heavily drained
A: (nimble swimmer 2), mertail
a: no special abilities


You were on level 3 of the Dungeon.
You visited 1 branch of the dungeon, and saw 3 of its levels.

You collected 87 gold pieces.

Inventory:

Hand Weapons
 a - a +1 trident (weapon)
 i - a +0 whip
 l - a +0 short sword of protection
 o - a +0 whip of venom
Missiles
 d - 3 throwing nets (quivered)
 e - a javelin
 h - 2 curare-tipped darts
 j - 3 poisoned darts
 m - 12 stones
 r - 3 large rocks
Armour
 b - a +0 leather armour
 c - a +0 helmet (worn)
 f - a +1 ring mail (worn)
 n - a scarf of shadows (worn)
Jewellery
 g - a ring of fire
 t - an amulet of the acrobat (around neck)
Scrolls
 u - a scroll of identify
Potions
 k - a potion of degeneration
 p - a potion of curing {unknown}
 q - a potion of berserk rage {unknown}
 v - a potion of lignification {unknown}
 w - a potion of resistance {unknown}


   Skills:
 - Level 2.1 Fighting
 + Level 6.1 Polearms
 - Level 2.0 Throwing
 - Level 0.3 Armour
 - Level 4.0 Dodging


You had 2 spell levels left.
You didn't know any spells.
Your spell library was empty.

Dungeon Overview and Level Annotations

Branches:
Dungeon (3/15)

Altars:


Innate Abilities, Weirdness & Mutations

((You are very nimble when in or above water. (Stealth+, EV+, Speed+++)))
Your lower body shifts to a powerful aquatic tail in water.


Message History

You barely miss the orc. The orc hits you with a +0 whip.
You hit the orc.
The orc is almost dead.
The orc hits you with a +0 whip.
You puncture the orc!
You kill the orc!
The orc wizard gestures wildly while chanting.
The orc wizard flickers and vanishes!
Deactivating autopickup; reactivate with Ctrl-A.
You hear a shout!
A puff of flame appears from out of thin air!
The puff of flame misses you. Something completely misses you.
An orc priest comes into view. It is wielding a +0 flail.
There are monsters nearby!
There are monsters nearby!
You closely miss something. Something hits you.
You feel drained.
As you read the scroll labelled XYOM TATOU, it crumbles to dust.
It is a scroll of enchant armour.
Your +0 ring mail glows green for a moment.
Something hits you but does no damage.
You feel drained.
An orc is nearby!
You miss something.
You hear some strange, mumbled words.
A magic dart appears from out of thin air!
The magic dart hits you.
You barely miss something. Something hits you but does no damage.
You feel drained.
You miss something. Something hits you.
You feel drained.
You miss something.
The orc priest looks braver for a moment.
Something hits you but does no damage.
You feel drained.
You closely miss something.
You hear some strange, mumbled words.
Something tries to affect you, but you resist.
You hit something. Something hits you.
You feel drained.
The orc priest invokes the aid of Beogh against you.
Beogh smites you!
Ouch! That really hurt!
You die...

.. ....#####
.o.oo...#
....###.# ..
#o# #)# #.#
##o########
#.o{@.....#
#.###.###.#
#. #.# #.#
#.###.# #.#
##.#...# #.#
####.<..###
#.#
+.......#
#.#
#....#####.#
##.........#


You could see an orc priest and an orc.

Vanquished Creatures
  An ufetubus (D:3)
  A dart slug (D:1)
  An orc (D:3)
  4 ball pythons
  4 endoplasms
  3 giant cockroaches (D:1)
  10 goblins
  A hobgoblin (D:3)
  3 jackals (D:1)
  2 quokkas (D:1)
  A frilled lizard (D:2)
  9 kobolds
  A rat (D:1)
41 creatures vanquished.

Notes
Turn   | Place    | Note
-------+----------+-------------------------------------------
     0 | D:1      | DogOnAStick the Merfolk Gladiator began the quest for the
                  | Orb.
     0 | D:1      | Reached XP level 1. HP: 16/16 MP: 1/1
   232 | D:1      | Reached XP level 2. HP: 21/22 MP: 2/2
   551 | D:1      | Reached skill level 5 in Polearms
   968 | D:1      | Found a faded altar of an unknown god.
   990 | D:1      | Reached XP level 3. HP: 25/27 MP: 3/3
  2051 | D:3      | Reached skill level 6 in Polearms
  2101 | D:3      | Killed from afar by an orc priest

Illustrated notes

Levels and vault maps discovered:
D:1:      dpeg_arrival_rhombus, layout_basic,
          shapermc_ecumenical_altar_mp_ritualfount, chequers_avenue
D:2:      layout_basic, minmay_goblin_outpost
D:3:      layout_loops_corners, lemuel_round_altar, grunt_decor_cap,
          minmay_diced_spiral

Skill      XL: |  1  2  3 |
---------------+----------+-----
Polearms       | 5 6 |  6.1
Fighting       | |  2.1
Throwing       | |  2.0
Armour         | |  0.3
Dodging        | |  4.0

Action                     || total
---------------------------++-------
  Melee: Trident           ||   134
         Punch             ||     2
    Use: Scroll            ||     6
 Armour: Ring mail         ||    40
  Dodge: Dodged            ||    73

Table legend: (Time is in decaauts)
 A = Elapsed time spent in this place.
 B = Non-inter-level travel time spent in this place.
 C = Inter-level travel time spent in this place.
 D = Time resting spent in this place.
 E = Time spent auto-exploring this place.
 F = Levels seen in this place.
 G = Mean time per level.
                   A        B        C        D        E       F      G
               +--------+--------+--------+--------+--------+-----+--------+
         Total |   2105 |    528 |   1577 |      0 |      0 |   3 |  701.7 |
       Dungeon |   2105 |    528 |   1577 |      0 |      0 |   3 |  701.7 |
               +--------+--------+--------+--------+--------+-----+--------+

Top non-repeatable levels by time:
     D:1: 1265 daAuts
     D:2: 769 daAuts
     D:3: 70 daAuts
